[Event "XX Sants Open 2018"]
[Site "Cotxeres de Sants"]
[Date "2018.08.18"]
[Round "2"]
[White "Martinez Alcantara, Jose Eduardo"]
[Black "Noboa, Kevin"]
[Result "1-0"]
[ECO "A20"]
[WhiteElo "2561"]
[BlackElo "2256"]
[Annotator "RC"]
[PlyCount "79"]
[EventDate "2018.08.17"]
[EventType "swiss"]
[EventCountry "ESP"]
[SourceTitle "playchess.com"]
[Source "ChessBase"]
[SourceQuality "1"]
[TimeControl "40/5400+30:1800+30"]

1. c4 e5 2. g3 Nf6 3. Bg2 Bc5 4. Nc3 Nc6 5. e3 d6 6. Nge2 a6 7. h3 Ba7 8. O-O O-O 9. b3 Bd7 10. Bb2 Rb8 11. Rc1 Ne7 12. d3 Ng6 13. Qd2 Re8 14. Ne4 Nh5 15. N4c3 b5 16. Nd5 c6 17. Nb4 Qa5 18. Rfd1 Ne7 19. g4 bxc4 20. Bc3 Qd8 21. dxc4 Nf6 22. Qxd6 Qc8 23. Nd3 Ng6 24. Nxe5 Re6 25. Nxg6 hxg6 26. Qd3 Re7 27. Ng3 Be6 28. Bxf6 gxf6 29. Ne4 f5 30. Nf6+ Kf8 31. Qc3 Rc7 32. Qe5 fxg4 33. hxg4 Bb6 34. g5 a5 35. Qh2 Bc5 36. Ne4 Ba3 37. Nd6 Bxd6 38. Rxd6 Ke7 39. Rcd1 a4 40. Qe5 1-0

[Event "XX Sants Open 2018"]
[Site "Cotxeres de Sants"]
[Date "2018.08.18"]
[Round "2"]
[White "Sanz Ogaya, Mario"]
[Black "Ribera Veganzones, Josep Maria"]
[Result "1/2-1/2"]
[ECO "B23"]
[WhiteElo "1947"]
[BlackElo "1792"]
[Annotator "NA RC"]
[PlyCount "88"]
[EventDate "2018.08.17"]
[EventType "swiss"]
[EventCountry "ESP"]
[SourceTitle "playchess.com"]
[Source "ChessBase"]
[SourceQuality "1"]
[TimeControl "40/5400+30:1800+30"]

1. e4 c5 2. Nc3 Nc6 3. Nge2 Nf6 4. g3 g6 5. Bg2 Bg7 6. O-O d6 7. d3 O-O 8. h3 Bd7 {[%emt 0:01:51] LiveBook: 13 Games} 9. Be3 Rb8 10. Qd2 b5 11. Bh6 b4 12. Nd1 Nd4 13. Bxg7 Kxg7 $11 14. Ne3 a5 15. f4 h5 16. e5 Nh7 17. c3 Nxe2+ 18. Qxe2 Qc8 19. Kh2 dxe5 20. fxe5 Ng5 21. h4 Ne6 22. Bf3 Rh8 23. Rad1 Bb5 24. Qf2 Nd8 25. Nd5 Rb7 26. Rfe1 Bc6 27. d4 bxc3 28. bxc3 cxd4 29. cxd4 Qa8 30. Rd2 Ne6 31. Be4 Rd8 32. Nc3 Bxe4 33. Nxe4 Rb4 34. Ng5 Nxg5 35. hxg5 Qd5 36. Red1 Rc8 37. Qg2 Rd8 38. Qxd5 Rxd5 39. Kg2 f6 40. gxf6+ exf6 41. exf6+ Kxf6 42. Rf1+ Ke6 43. Rf4 g5 44. Re4+ Kf5 1/2-1/2

[Event "XX Sants Open 2018"]
[Site "Cotxeres de Sants"]
[Date "2018.08.18"]
[Round "2"]
[White "Poyato Duran, David"]
[Black "Walter Travella, German"]
[Result "0-1"]
[ECO "A40"]
[WhiteElo "1799"]
[BlackElo "1930"]
[Annotator "NA RC"]
[PlyCount "72"]
[EventDate "2018.08.17"]
[EventType "swiss"]
[EventCountry "ESP"]
[SourceTitle "playchess.com"]
[Source "ChessBase"]
[SourceQuality "1"]
[TimeControl "40/5400+30:1800+30"]

1. d4 b6 2. e4 Bb7 3. Bd3 Nf6 4. Nc3 e6 5. Nf3 Bb4 6. Bg5 h6 7. Bxf6 Qxf6 {LiveBook: 64 Games} 8. O-O Bxc3 9. bxc3 c5 10. e5 Qf4 11. Qd2 g5 12. Qxf4 gxf4 13. Nd2 Ke7 14. Ne4 $17 (14. dxc5 $11 {bleibt in der Remisbreite.} Rg8 15. g3) 14... c4 15. Nd6 cxd3 16. Nxb7 dxc2 17. Nd6 f6 18. Rac1 fxe5 19. dxe5 Nc6 20. Rfe1 Rhg8 21. Nc4 f3 22. g3 Rg5 23. Rxc2 b5 24. Nd2 Nxe5 25. Re3 Rf5 26. Rb2 a6 27. Rb4 Rc8 28. Rh4 d5 29. Rxh6 b4 30. cxb4 Rc1+ 31. Nf1 d4 32. Ra3 d3 33. Rxa6 Nc6 34. g4 Rxf1+ 35. Kxf1 d2 36. Rh7+ Rf7 0-1

[Event "XX Sants Open 2018"]
[Site "Cotxeres de Sants"]
[Date "2018.08.18"]
[Round "2"]
[White "Collazo Gibanel, Sergio"]
[Black "Marza Vendrell, Conrado"]
[Result "0-1"]
[ECO "B25"]
[WhiteElo "1788"]
[BlackElo "1925"]
[Annotator "NA RC"]
[PlyCount "78"]
[EventDate "2018.08.17"]
[EventType "swiss"]
[EventCountry "ESP"]
[SourceTitle "playchess.com"]
[Source "ChessBase"]
[SourceQuality "1"]
[TimeControl "40/5400+30:1800+30"]

1. e4 c5 2. Nc3 Nc6 3. g3 g6 4. Bg2 Bg7 5. d3 d6 6. Nge2 e6 7. O-O Nge7 8. f4 O-O 9. g4 f5 10. g5 d5 11. Ng3 d4 12. Nce2 Rb8 $15 13. Bd2 b5 14. Rb1 Qc7 15. b3 Ba6 16. a3 c4 17. Nh5 gxh5 18. Ng3 h4 19. Nh5 Bh8 20. Qe2 Qd7 21. bxc4 bxc4 22. Rxb8 Nxb8 23. Re1 c3 24. Bc1 Nbc6 25. a4 Bc8 26. Ba3 Rf7 27. Qf2 Ng6 28. exf5 exf5 29. Bd5 Qxd5 30. Re8+ Rf8 31. Bxf8 Nxf8 32. Rxc8 Qe6 33. Ra8 Qe3 34. Nf6+ Bxf6 35. gxf6 Kf7 36. Qxe3 dxe3 37. Rc8 Nd4 38. Kf1 Nfe6 39. Rc4 Nxc2 0-1

[Event "XX Sants Open 2018"]
[Site "Cotxeres de Sants"]
[Date "2018.08.18"]
[Round "2"]
[White "Grasa Solanas, Oscar"]
[Black "Sanchez De Medina Vilagrasa, En"]
[Result "1-0"]
[ECO "A39"]
[WhiteElo "1646"]
[BlackElo "1508"]
[Annotator "NA RC"]
[PlyCount "77"]
[EventDate "2018.08.17"]
[EventType "swiss"]
[EventCountry "ESP"]
[SourceTitle "playchess.com"]
[Source "ChessBase"]
[SourceQuality "1"]
[TimeControl "40/5400+30:1800+30"]

1. c4 c5 2. Nc3 Nf6 3. g3 g6 4. Bg2 Bg7 5. Nf3 Nc6 {LiveBook: 1674 Games} 6. O-O O-O $14 7. d4 cxd4 8. Nxd4 Nxd4 9. Qxd4 d6 10. Qd1 Qc7 11. b3 Bd7 12. Rb1 Qc8 13. Re1 Bh3 14. Bh1 Rb8 15. Bb2 h5 16. Nd5 Nxd5 17. Bxg7 Kxg7 18. Qxd5 Rh8 19. Qd4+ f6 20. Qxa7 h4 21. Qe3 e5 22. Red1 hxg3 23. fxg3 Qc7 24. Rb2 Be6 25. Rbd2 Rhd8 26. Bd5 Bf5 27. Be4 Bh3 28. Bg2 Be6 29. Qf2 b6 30. e3 f5 31. Rd3 e4 32. Rd4 Rd7 33. Rf1 Rh8 34. Bxe4 Rf8 35. Bg2 Rdf7 36. Qd2 Rd8 37. Rd1 Rfd7 38. Qb2 Qc5 39. Rd5+ 1-0

[Event "XX Sants Open 2018"]
[Site "Cotxeres de Sants"]
[Date "2018.08.18"]
[Round "2"]
[White "Martinez Torras, Pol"]
[Black "Ribera Veganzones, Serni"]
[Result "1-0"]
[ECO "A26"]
[WhiteElo "1642"]
[BlackElo "1496"]
[Annotator "NA RC"]
[PlyCount "69"]
[EventDate "2018.08.17"]
[EventType "swiss"]
[EventCountry "ESP"]
[SourceTitle "playchess.com"]
[Source "ChessBase"]
[SourceQuality "1"]
[TimeControl "40/5400+30:1800+30"]

1. c4 e5 2. g3 Nc6 3. Bg2 g6 4. Nc3 Bg7 5. d3 {LiveBook: 1043 Games} d6 6. Rb1 f5 $11 7. Bd2 Nf6 8. b4 O-O 9. b5 Ne7 10. Nf3 h6 11. O-O g5 12. Ne1 f4 13. Nc2 Qe8 14. Nb4 Qh5 15. e3 Bg4 16. f3 Bd7 17. exf4 gxf4 18. gxf4 exf4 19. Bxf4 Qh4 20. Bd2 Nh5 21. Qe1 Bd4+ 22. Kh1 Qf6 23. Nbd5 Nxd5 24. Nxd5 Qg7 25. Nxc7 Rac8 26. Ne6 Bxe6 27. Qxe6+ Kh8 28. Qxh6+ Qxh6 29. Bxh6 Rf6 30. Bg5 Rg6 31. f4 b6 32. Rbe1 Rcg8 33. Bd5 R8g7 34. Re8+ Kh7 35. Be4 1-0

[Event "XX Sants Open 2018"]
[Site "Cotxeres de Sants"]
[Date "2018.08.18"]
[Round "2"]
[White "Fontela Hidalgo, Victor"]
[Black "Romero Funieles, Rafael"]
[Result "0-1"]
[ECO "C00"]
[WhiteElo "1510"]
[BlackElo "1642"]
[Annotator "NA RC"]
[PlyCount "46"]
[EventDate "2018.08.17"]
[EventType "swiss"]
[EventCountry "ESP"]
[SourceTitle "playchess.com"]
[Source "ChessBase"]
[SourceQuality "1"]
[TimeControl "40/5400+30:1800+30"]

1. e4 e6 2. d4 d6 3. f4 Nf6 4. Nc3 Be7 5. Nf3 h6 6. Bc4 c6 7. Qe2 $14 a6 8. a4 Qa5 9. Bd2 Qb6 10. O-O Nbd7 11. e5 dxe5 12. fxe5 Nd5 13. Ne4 O-O 14. Qf2 Qxb2 15. Bd3 Qb6 16. Qg3 Kh8 17. Qh3 f5 18. Ng3 Nxe5 19. Nxe5 Qxd4+ 20. Kh1 Qxe5 21. Rae1 Qf6 22. c4 Nb4 23. Bg5 Qxg5 0-1

[Event "XX Sants Open 2018"]
[Site "Cotxeres de Sants"]
[Date "2018.08.19"]
[Round "3"]
[White "Illescas Cordoba, Miguel"]
[Black "Cavalieri, Riccardo"]
[Result "1-0"]
[ECO "A16"]
[WhiteElo "2605"]
[BlackElo "2109"]
[Annotator "ChessBase"]
[PlyCount "67"]
[EventDate "2018.08.17"]
[EventType "swiss"]
[EventCountry "ESP"]
[SourceTitle "playchess.com"]
[Source "ChessBase"]
[SourceQuality "1"]
[TimeControl "40/5400+30:1800+30"]

1. c4 Nf6 2. Nc3 d5 3. cxd5 Nxd5 4. g3 g6 5. Bg2 Nxc3 6. bxc3 Bg7 7. Rb1 O-O 8. h4 c6 9. Qa4 Nd7 10. h5 e5 11. hxg6 hxg6 12. d3 Nb6 13. Qc2 Re8 14. Nh3 Bf5 15. Ng5 Bf6 16. Ne4 Bxe4 17. Bxe4 Bg5 18. f4 exf4 19. gxf4 Bh4+ 20. Kf1 Kg7 21. c4 Rb8 22. f5 Nd7 23. Qd2 Rh8 24. fxg6 Qf6+ 25. Qf4 Bg3 26. Qxf6+ Nxf6 27. Rxh8 Rxh8 28. Rxb7 Nxe4 29. Bb2+ Nf6 30. Rxf7+ Kxg6 31. Rxf6+ Kg5 32. Rf3 Rb8 33. Rxg3+ Kf4 34. Rf3+ 1-0

[Event "XX Sants Open 2018"]
[Site "Cotxeres de Sants"]
[Date "2018.08.19"]
[Round "3"]
[White "Esipenko, Andrey"]
[Black "Gual Pascual, Antonio"]
[Result "1-0"]
[ECO "A40"]
[WhiteElo "2589"]
[BlackElo "2394"]
[Annotator "RC"]
[PlyCount "65"]
[EventDate "2018.08.17"]
[EventType "swiss"]
[EventCountry "ESP"]
[SourceTitle "playchess.com"]
[Source "ChessBase"]
[SourceQuality "1"]
[TimeControl "40/5400+30:1800+30"]

1. d4 g6 2. Nf3 Bg7 3. g3 d6 4. Bg2 Nd7 5. O-O e5 6. c4 Ne7 7. Nc3 O-O 8. dxe5 dxe5 9. Qc2 Nf5 10. Bg5 f6 11. Bd2 Nc5 12. Rad1 Ne6 13. e3 Qe8 14. Bc1 Ne7 15. b3 f5 16. Bb2 g5 17. Nd5 Ng6 18. Nxg5 Nxg5 19. Nxc7 Qe7 20. Nxa8 Be6 21. f4 Nf7 22. e4 Nh6 23. fxe5 f4 24. Qd2 fxg3 25. Rxf8+ Nxf8 26. Qd8 Qf7 27. Rf1 Qh5 28. hxg3 Nf7 29. Qd1 Qg5 30. Nc7 Qe3+ 31. Rf2 Qxg3 32. Nxe6 Nxe6 33. Rxf7 1-0

[Event "XX Sants Open 2018"]
[Site "Cotxeres de Sants"]
[Date "2018.08.19"]
[Round "3"]
[White "Vaibhav, Suri"]
[Black "Veinberg, Nimrod"]
[Result "1-0"]
[ECO "C50"]
[WhiteElo "2561"]
[BlackElo "2389"]
[Annotator "ChessBase"]
[PlyCount "49"]
[EventDate "2018.08.17"]
[EventType "swiss"]
[EventCountry "ESP"]
[SourceTitle "playchess.com"]
[Source "ChessBase"]
[SourceQuality "1"]
[TimeControl "40/5400+30:1800+30"]

1. e4 e5 2. Nf3 Nc6 3. Bc4 Bc5 4. d3 Nf6 5. O-O d6 6. c3 h6 7. Re1 a6 8. a4 Ba7 9. Nbd2 g5 10. b4 Ne7 11. Nf1 Ng6 12. Be3 Bxe3 13. Nxe3 a5 14. bxa5 Rxa5 15. Nd2 O-O 16. d4 Re8 17. Qb3 Qe7 18. Nf5 Qf8 19. Bxf7+ Kh7 20. Bxe8 Qxe8 21. Nc4 Ra7 22. dxe5 dxe5 23. a5 Be6 24. Qb4 Qc6 25. Nxe5 1-0

[Event "XX Sants Open 2018"]
[Site "Cotxeres de Sants"]
[Date "2018.08.19"]
[Round "3"]
[White "Peralta, Fernando"]
[Black "Lavrov, Maxim"]
[Result "1-0"]
[ECO "E73"]
[WhiteElo "2556"]
[BlackElo "2384"]
[Annotator "ChessBase"]
[PlyCount "63"]
[EventDate "2018.08.17"]
[EventType "swiss"]
[EventCountry "ESP"]
[SourceTitle "playchess.com"]
[Source "ChessBase"]
[SourceQuality "1"]
[TimeControl "40/5400+30:1800+30"]

1. d4 Nf6 2. c4 g6 3. Nc3 Bg7 4. e4 d6 5. Be2 O-O 6. Be3 e5 7. d5 c6 8. Nf3 cxd5 9. cxd5 Nh5 10. Nd2 Nf4 11. Bf1 Na6 12. g3 Nh5 13. Be2 Bd7 14. a3 Nf6 15. g4 Ne8 16. h4 f5 17. gxf5 gxf5 18. exf5 Bxf5 19. Nde4 Nf6 20. Ng3 Qd7 21. Rc1 Bg4 22. h5 Bxe2 23. Qxe2 Qg4 24. Rg1 Qxe2+ 25. Kxe2 Rf7 26. Nf5 Kh8 27. Nxd6 Rd7 28. h6 Bf8 29. Nde4 Nh5 30. d6 Bxd6 31. Rcd1 Rad8 32. Rg5 1-0

[Event "XX Sants Open 2018"]
[Site "Cotxeres de Sants"]
[Date "2018.08.19"]
[Round "3"]
[White "Walter Travella, German"]
[Black "Marani, Luca"]
[Result "0-1"]
[ECO "C65"]
[WhiteElo "1930"]
[BlackElo "1837"]
[Annotator "NA"]
[PlyCount "104"]
[EventDate "2018.08.17"]
[EventType "swiss"]
[EventCountry "ESP"]
[SourceTitle "playchess.com"]
[Source "ChessBase"]
[SourceQuality "1"]
[TimeControl "40/5400+30:1800+30"]

1. e4 e5 2. Nf3 Nc6 3. Bb5 Bc5 4. O-O Nf6 5. c3 Nxe4 6. d4 exd4 7. cxd4 Bb6 8. Re1 d5 9. Ng5 O-O 10. Nxe4 dxe4 11. Bxc6 bxc6 12. Rxe4 Bf5 13. Rf4 Qd7 14. Nc3 Rfe8 15. g4 Bg6 16. Be3 Rad8 17. h4 h6 18. Qf3 Qe6 19. Rd1 Rd7 20. d5 cxd5 21. Nxd5 Bxe3 22. Qxe3 c6 23. Nc3 Qxe3 24. fxe3 Rxd1+ 25. Nxd1 Bc2 26. Nf2 Rxe3 27. Rc4 Bb1 28. Rxc6 Re1+ 29. Kg2 Re2 30. Rc8+ Kh7 31. Rc7 a6 32. Rxf7 Bxa2 33. Ra7 Bc4 34. Rc7 Bd5+ 35. Kg3 Rxb2 36. h5 Rb3+ 37. Kf4 Rb7 38. Rc5 Rb5 39. Rc7 Rb8 40. Nd3 a5 41. Nc5 Rf8+ 42. Ke5 Rf7 43. Rc8 Bf3 44. Ne6 Re7 45. Rc4 Bd1 46. Rc5 Bxg4 47. Rxa5 Rxe6+ 48. Kf4 Bd1 49. Rd5 Rf6+ 50. Kg3 Bb3 51. Rb5 Be6 52. Ra5 Rf5 0-1

[Event "XX Sants Open 2018"]
[Site "Cotxeres de Sants"]
[Date "2018.08.19"]
[Round "3"]
[White "Marza Vendrell, Conrado"]
[Black "Rodriguez Llorens, Jorge"]
[Result "1/2-1/2"]
[ECO "B22"]
[WhiteElo "1925"]
[BlackElo "1834"]
[Annotator "NA"]
[PlyCount "46"]
[EventDate "2018.08.17"]
[EventType "swiss"]
[EventCountry "ESP"]
[SourceTitle "playchess.com"]
[Source "ChessBase"]
[SourceQuality "1"]
[TimeControl "40/5400+30:1800+30"]

1. e4 c5 2. c3 d5 3. exd5 Qxd5 4. d4 Nf6 5. Nf3 Bg4 6. Be2 e6 7. O-O Be7 8. Re1 O-O 9. Nbd2 Nc6 10. Nf1 cxd4 11. Nxd4 Bxe2 12. Nxe2 Qxd1 13. Rxd1 Rfd8 14. Bg5 h6 15. Bf4 Ne4 16. Be3 Bc5 17. f3 Bxe3+ 18. Nxe3 Nc5 19. Rxd8+ Rxd8 20. Rd1 Rxd1+ 21. Nxd1 Nd3 22. b4 Kf8 23. Kf1 Ke7 1/2-1/2

[Event "XX Sants Open 2018"]
[Site "Cotxeres de Sants"]
[Date "2018.08.19"]
[Round "3"]
[White "Aparicio del Moral, Jesus Omar"]
[Black "Pallares Gurrea, Aitor Alexander"]
[Result "0-1"]
[ECO "A45"]
[WhiteElo "1919"]
[BlackElo "1826"]
[Annotator "NA"]
[PlyCount "102"]
[EventDate "2018.08.17"]
[EventType "swiss"]
[EventCountry "ESP"]
[SourceTitle "playchess.com"]
[Source "ChessBase"]
[SourceQuality "1"]
[TimeControl "40/5400+30:1800+30"]

1. d4 Nf6 2. Bf4 e6 3. e3 b6 4. Nf3 Bb7 5. Bd3 Ne4 6. Nbd2 f5 7. Bxe4 fxe4 8. Ng5 Qf6 9. Ngxe4 Qg6 10. Qf3 d5 11. Ng3 Qxc2 12. Qh5+ Qg6 13. Qxg6+ hxg6 14. Bxc7 Na6 15. Be5 Rc8 16. a3 Rc2 17. b4 Bc6 18. Ne2 Kd7 19. Nc1 Nc7 20. Bxc7 Kxc7 21. Ncb3 Bd6 22. Kd1 Rc3 23. g3 Kd7 24. Rc1 Rc4 25. h3 Bb7 26. Rh2 Rxc1+ 27. Kxc1 a5 28. bxa5 Bxa3+ 29. Kb1 bxa5 30. Nxa5 Ba6 31. f4 Bd3+ 32. Ka1 Bb4 33. Ndb3 Ra8 34. Kb2 Rb8 35. Ka2 Rb5 36. Rb2 Kc7 37. h4 Bxa5 38. Nc5 Rxb2+ 39. Kxb2 Bf5 40. Nb3 Be1 41. Kc1 Bxg3 42. Kd2 Bxh4 43. Nc5 Be7 44. Nb3 Kb6 45. Nc1 Bb4+ 46. Ke2 Kb5 47. Kf2 Kc4 48. Ne2 Be7 49. Ng1 Bh4+ 50. Ke2 Bg4+ 51. Kd2 Bf2 0-1

[Event "XX Sants Open 2018"]
[Site "Cotxeres de Sants"]
[Date "2018.08.19"]
[Round "3"]
[White "Romero Funieles, Rafael"]
[Black "Febrero Perez, Lluis"]
[Result "0-1"]
[ECO "C44"]
[WhiteElo "1642"]
[BlackElo "1515"]
[Annotator "NA"]
[PlyCount "62"]
[EventDate "2018.08.17"]
[EventType "swiss"]
[EventCountry "ESP"]
[SourceTitle "playchess.com"]
[Source "ChessBase"]
[SourceQuality "1"]
[TimeControl "40/5400+30:1800+30"]

1. e4 e5 2. Nf3 Nc6 3. d3 Nf6 4. Be2 Be7 5. Nc3 O-O 6. a3 d6 7. h3 b6 8. b4 Bb7 9. O-O d5 10. exd5 Nxd5 11. Nxd5 Qxd5 12. c4 Qd6 13. Bg5 Qg6 14. Bxe7 Nxe7 15. g3 Rad8 16. Nxe5 Qe6 17. Bf3 Bxf3 18. Nxf3 Qxh3 19. d4 Qg4 20. Rc1 Ng6 21. d5 Nf4 22. Nd4 Qg5 23. Rc3 Rd6 24. Nf3 Nh3+ 25. Kh2 Qh6 26. Kg2 Rg6 27. Rh1 Nf4+ 28. Kg1 Nh5 29. Re3 Rxg3+ 30. Kf1 Rg4 31. Re5 Ng3+ {[%emt 0:00:26] Qe1} 0-1

[Event "XX Sants Open 2018"]
[Site "Cotxeres de Sants"]
[Date "2018.08.19"]
[Round "3"]
[White "Trenchs Lopez, Christian"]
[Black "Grasa Solanas, Oscar"]
[Result "0-1"]
[ECO "B01"]
[WhiteElo "1516"]
[BlackElo "1646"]
[Annotator "NA"]
[PlyCount "68"]
[EventDate "2018.08.17"]
[EventType "swiss"]
[EventCountry "ESP"]
[SourceTitle "playchess.com"]
[Source "ChessBase"]
[SourceQuality "1"]
[TimeControl "40/5400+30:1800+30"]

1. e4 d5 2. exd5 Nf6 3. Bc4 Nxd5 4. Nf3 e6 5. O-O Be7 6. Nc3 O-O 7. d4 Nxc3 8. bxc3 Nd7 9. Bf4 Nf6 10. Qe2 c5 11. Rfd1 Qa5 12. Bd2 Qc7 13. a4 b6 14. Bg5 cxd4 15. cxd4 Bb7 16. Bd3 Nd5 17. Bxe7 Qxe7 18. Qe4 g6 19. Qe1 Nf6 20. Ne5 Rad8 21. Bf1 Qc7 22. c4 Rd6 23. a5 Rfd8 24. axb6 axb6 25. Qc3 Kg7 26. g3 h5 27. Bg2 Bxg2 28. Kxg2 Qb7+ 29. Qf3 Qxf3+ 30. Nxf3 Ne4 31. Ra6 Nc3 32. Rd3 Ne2 33. c5 bxc5 34. Ra2 Nc1 0-1

[Event "XX Sants Open 2018"]
[Site "Cotxeres de Sants"]
[Date "2018.08.19"]
[Round "3"]
[White "Castano Fernandez, Alfredo"]
[Black "Martinez Torras, Pol"]
[Result "0-1"]
[ECO "B11"]
[WhiteElo "1515"]
[BlackElo "1642"]
[Annotator "NA"]
[PlyCount "66"]
[EventDate "2018.08.17"]
[EventType "swiss"]
[EventCountry "ESP"]
[SourceTitle "playchess.com"]
[Source "ChessBase"]
[SourceQuality "1"]
[TimeControl "40/5400+30:1800+30"]

1. e4 c6 2. Nc3 d5 3. Nf3 Bg4 4. h3 Bxf3 5. Qxf3 e6 6. d4 Nf6 7. e5 Nfd7 8. Ne2 c5 9. Be3 cxd4 10. Bxd4 Nc6 11. Qg3 Qc7 12. f4 Nb4 13. Kf2 Qxc2 14. a3 Nc6 15. Rc1 Qd2 16. Be3 Qxb2 17. Kg1 Qxa3 18. Qf2 d4 19. Bd2 Bc5 20. Rxc5 Qxc5 21. Ng3 d3 22. Bxd3 Qxf2+ 23. Kxf2 Nc5 24. Bb1 O-O-O 25. Be3 Nb3 26. Ne4 Rd7 27. Nd6+ Kb8 28. Rd1 Rhd8 29. Bc2 Nba5 30. Ke2 Nb4 31. Ba4 Nac6 32. Rd2 Nd5 33. g3 Nc3+ {Bd4} 0-1

[Event "XX Sants Open 2018"]
[Site "Cotxeres de Sants"]
[Date "2018.08.20"]
[Round "4"]
[White "Sochacki, Christophe"]
[Black "Vaibhav, Suri"]
[Result "1/2-1/2"]
[ECO "D10"]
[WhiteElo "2455"]
[BlackElo "2561"]
[Annotator "ChessBase"]
[PlyCount "24"]
[EventDate "2018.08.17"]
[EventType "swiss"]
[EventCountry "ESP"]
[SourceTitle "playchess.com"]
[Source "ChessBase"]
[SourceQuality "1"]
[TimeControl "40/5400+30:1800+30"]

1. d4 d5 2. c4 c6 3. Nc3 Nf6 4. cxd5 cxd5 5. Bf4 a6 6. e3 Nc6 7. Bd3 Bg4 8. f3 Bh5 9. Qb3 Na5 10. Qa4+ Nc6 11. Qb3 Na5 12. Qa4+ Nc6 1/2-1/2

[Event "XX Sants Open 2018"]
[Site "Cotxeres de Sants"]
[Date "2018.08.20"]
[Round "4"]
[White "Zankelevich, Lev"]
[Black "Peralta, Fernando"]
[Result "1/2-1/2"]
[ECO "E01"]
[WhiteElo "2420"]
[BlackElo "2556"]
[Annotator "ChessBase"]
[PlyCount "39"]
[EventDate "2018.08.17"]
[EventType "swiss"]
[EventCountry "ESP"]
[SourceTitle "playchess.com"]
[Source "ChessBase"]
[SourceQuality "1"]
[TimeControl "40/5400+30:1800+30"]

1. d4 d5 2. c4 e6 3. Nf3 Nf6 4. g3 Bb4+ 5. Bd2 Bd6 6. Bg2 O-O 7. O-O Nbd7 8. c5 Be7 9. Nc3 Ne4 10. Nxe4 dxe4 11. Ne5 f5 12. Bf4 g5 13. Nxd7 Bxd7 14. Be5 Bf6 15. Qb3 Bxe5 16. dxe5 Rb8 17. f3 exf3 18. Rxf3 Qe7 19. Qc4 Bc6 20. Rd3 1/2-1/2

[Event "XX Sants Open 2018"]
[Site "Cotxeres de Sants"]
[Date "2018.08.20"]
[Round "4"]
[White "Vargas Drechsler, Carlos"]
[Black "Marani, Luca"]
[Result "1/2-1/2"]
[ECO "D35"]
[WhiteElo "1902"]
[BlackElo "1837"]
[Annotator "NA"]
[PlyCount "55"]
[EventDate "2018.08.17"]
[EventType "swiss"]
[EventCountry "ESP"]
[SourceTitle "playchess.com"]
[Source "ChessBase"]
[SourceQuality "1"]
[TimeControl "40/5400+30:1800+30"]

1. d4 d5 2. c4 e6 3. Nc3 Nf6 4. cxd5 exd5 5. Bg5 Be7 6. e3 c6 7. Bd3 Nbd7 8. Nf3 Nf8 9. h3 Ne6 10. Bh4 O-O 11. Qc2 g6 12. O-O-O Ng7 13. g4 Qa5 14. Ne5 Re8 15. Bxf6 Bxf6 16. f4 Ne6 17. f5 Nc5 18. fxg6 Nxd3+ 19. Qxd3 fxg6 20. Nxg6 b5 21. Ne5 Bxe5 22. dxe5 b4 23. Nb1 Qc5+ 24. Kd2 Rxe5 25. Rc1 Qd6 26. Qd4 Bb7 27. Qc5 Qxc5 28. Rxc5 1/2-1/2

[Event "XX Sants Open 2018"]
[Site "Cotxeres de Sants"]
[Date "2018.08.20"]
[Round "4"]
[White "Ruiz Gonzalez, Jorge"]
[Black "Pallares Gurrea, Aitor Alexander"]
[Result "1-0"]
[ECO "C45"]
[WhiteElo "1888"]
[BlackElo "1826"]
[Annotator "NA"]
[PlyCount "101"]
[EventDate "2018.08.17"]
[EventType "swiss"]
[EventCountry "ESP"]
[SourceTitle "playchess.com"]
[Source "ChessBase"]
[SourceQuality "1"]
[TimeControl "40/5400+30:1800+30"]

1. e4 e5 2. Nf3 Nc6 3. d4 exd4 4. Nxd4 Bc5 5. Nb3 Bb6 6. Qe2 Qe7 7. Nc3 Nf6 8. Bg5 Nd4 9. Nxd4 Bxd4 10. Nd5 Qd6 11. c3 Bb6 12. e5 Qxd5 13. exf6+ Qe6 14. fxg7 Rg8 15. Bf6 c6 16. c4 Ba5+ 17. Kd1 Qxe2+ 18. Bxe2 Bd8 19. Bc3 d6 20. Bh5 Be6 21. f4 Kd7 22. f5 Bxc4 23. f6 Be6 24. Be2 Bf5 25. Rf1 Be4 26. Rf4 d5 27. Bg4+ Kd6 28. g3 b5 29. Ke2 Re8 30. b4 Bg6+ 31. Kd2 Bb6 32. Bd4 Bxd4 33. Rxd4 a5 34. Bf3 axb4 35. Rxb4 Ra3 36. Rb3 Ra4 37. Re3 Rd4+ 38. Ke2 Bd3+ 39. Kf2 Be4 40. Rd1 Rxd1 41. Bxd1 c5 42. Ra3 Ke5 43. Ra6 c4 44. Bg4 c3 45. Re6+ fxe6 46. f7 Ra8 47. f8=Q Rxa2+ 48. Be2 c2 49. Qf4+ Kd4 50. Qe3+ Ke5 51. g8=Q 1-0

[Event "XX Sants Open 2018"]
[Site "Cotxeres de Sants"]
[Date "2018.08.20"]
[Round "4"]
[White "Vigier Lopey, Carlos"]
[Black "Palomino Gutierrez, Albert"]
[Result "0-1"]
[ECO "A08"]
[WhiteElo "1837"]
[BlackElo "1912"]
[Annotator "NA"]
[PlyCount "82"]
[EventDate "2018.08.17"]
[EventType "swiss"]
[EventCountry "ESP"]
[SourceTitle "playchess.com"]
[Source "ChessBase"]
[SourceQuality "1"]
[TimeControl "40/5400+30:1800+30"]

1. e4 e6 2. d3 d5 3. Nd2 c5 4. Ngf3 Nc6 5. g3 g6 6. Bg2 Bg7 7. O-O Nge7 8. Re1 b6 9. exd5 exd5 10. Nf1 O-O 11. Ne3 a5 12. Rb1 Ra7 13. b3 a4 14. Bb2 d4 15. Nc4 b5 16. Ncd2 a3 17. Ba1 Nb4 18. Ne4 Rc7 19. Qd2 Ned5 20. Qc1 h6 21. Re2 f5 22. Ned2 Ra7 23. Ne5 Qd6 24. Ndf3 Nxa2 25. Qe1 Nac3 26. Nh4 Nxe2+ 27. Qxe2 Bxe5 28. Nxg6 Re8 29. f4 Qxg6 30. Bxd5+ Kh7 31. fxe5 Rae7 32. Qf2 Rxe5 33. Bf3 b4 34. Rf1 Qg5 35. Kh1 Qe7 36. Bh5 Bb7+ 37. Kg1 Rf8 38. g4 Qg5 39. Re1 fxg4 40. Rxe5 Rxf2 41. Rxg5 Rg2+ 0-1

[Event "XX Sants Open 2018"]
[Site "Cotxeres de Sants"]
[Date "2018.08.20"]
[Round "4"]
[White "Grasa Solanas, Oscar"]
[Black "Riu Borge, Albert"]
[Result "1-0"]
[ECO "A40"]
[WhiteElo "1646"]
[BlackElo "1530"]
[Annotator "NA"]
[PlyCount "63"]
[EventDate "2018.08.17"]
[EventType "swiss"]
[EventCountry "ESP"]
[SourceTitle "playchess.com"]
[Source "ChessBase"]
[SourceQuality "1"]
[TimeControl "40/5400+30:1800+30"]

1. c4 b6 2. Nc3 Bb7 3. d4 e6 4. d5 Bc5 5. e4 e5 6. Nf3 d6 7. Be2 h6 8. O-O Ne7 9. a3 a5 10. Rb1 Na6 11. Nh4 Bc8 12. Nf3 Bd7 13. Kh1 O-O 14. Be3 f5 15. Bd3 f4 16. Bxc5 Nxc5 17. Be2 Ng6 18. b4 axb4 19. axb4 Nb7 20. Ra1 Qe7 21. Qc2 Nh4 22. Ra2 Bg4 23. Nxh4 Qxh4 24. Bxg4 Qxg4 25. f3 Qd7 26. Rfa1 Rfb8 27. Rxa8 Rxa8 28. Rxa8+ Kh7 29. Ra7 Nd8 30. Nb5 Qe7 31. Rxc7 Qh4 32. Qe2 1-0